 Dungeon Crawl Stone Soup version 0.31.0-9-g3a7656b989 (webtiles) character file.

Game seed: 13501398800907110783

38 qw the Shooter (level 3, 0/20 HPs)
             Began as a Deep Elf Hunter on Feb 2, 2024.
             Slain by a hobgoblin (1 damage)
             ... on level 2 of the Dungeon.
             The game lasted 00:00:03 (942 turns).

qw the Shooter (Deep Elf Hunter)                     Turns: 942, Time: 00:00:03

Health: 0/20       AC:  6    Str: 10    XL:     3   Next: 25%
Magic:  5/5        EV:  9    Int: 13    God:
Gold:   54         SH:  0    Dex: 18    Spells: 2/2 levels left

rFire   . . .        a - +0 shortbow
rCold   . . .        (shield currently unavailable)
rNeg    . . .        e - +0 scale mail
rPois   .            (no helmet)
rElec   .            (no cloak)
rCorr   .            (no gloves)
SInv    .            (no boots)
Will    .....        (no amulet)
Stlth   +            (no ring)
HPRegen 0.23/turn    (no ring)
MPRegen 0.09/turn

%: no passive effects
@: lethally poisoned (0 -> -4)
A: no striking features
a: no special abilities


You were on level 2 of the Dungeon.
You visited 1 branch of the dungeon, and saw 2 of its levels.

You collected 54 gold pieces.


   Skills:
 - Level 1.5 Fighting
 + Level 6.8 Ranged Weapons
 - Level 2.4 Dodging
 - Level 1.2 Stealth


You had 2 spell levels left.
You didn't know any spells.
Your spell library was empty.

Inventory:

Hand Weapons
 a - a +0 shortbow (weapon)
Armour
 e - a +0 scale mail (worn)
Scrolls
 b - 2 scrolls of identify
Potions
 c - a potion of mutation {unknown}
 h - a potion of curing

Dungeon Overview and Level Annotations

Branches:
Dungeon (2/15)

Altars:


Message History

You shoot an arrow. The arrow misses the adder.
You hear a shout!
An endoplasm comes into view.
A hobgoblin comes into view.
The adder bites you.
You are poisoned.
The adder poisons you!
The endoplasm quivers.
You shoot an arrow. The arrow hits the adder.
The adder is lightly wounded.
You feel very sick. The adder bites you but does no damage.
You shoot an arrow.
The arrow hits the adder but does no damage.
The adder is lightly wounded.
You feel sick. The adder bites you but does no damage. The adder bites you.
You are more poisoned.
The adder poisons you! The hobgoblin closely misses you.
You shoot an arrow.
The arrow hits the adder but does no damage.
The adder is lightly wounded.
You feel very sick. The adder barely misses you.
The hobgoblin closely misses you. The adder bites you.
You are lethally poisoned!
The adder poisons you! The hobgoblin hits you.
You shoot an arrow. The arrow barely misses the adder.
You feel very sick. The adder bites you but does no damage.
The hobgoblin hits you but does no damage.
The adder closely misses you.
You shoot an arrow. The arrow hits the adder!
The adder is almost dead.
You feel very sick. The adder bites you but does no damage.
The hobgoblin hits you. The adder closely misses you.
You shoot an arrow.
The arrow hits the adder but does no damage.
The adder is almost dead.
You feel sick. The hobgoblin hits you.
You die...

##.. #..# . ##..# $.
#...# ?.) #...# ..?.
.J.#...# #gSg..# #@# #.#
##### #.# # . ####
#...#######.#.#.... ...#
#.#....##..........
.#.###.####.##.#.###.##.
.#.......#.....#.#
.##......#..####.#
.##......#..# #.#


You could see an adder, an endoplasm, a hobgoblin and a goblin.

Vanquished Creatures
  An adder (D:2)
  A dart slug (D:1)
  2 endoplasms (D:1)
  2 goblins (D:1)
  2 hobgoblins
  4 jackals (D:1)
  2 quokkas (D:1)
  5 ball pythons
  A bat (D:1)
  2 frilled lizards (D:1)
  3 kobolds
  A rat (D:1)
26 creatures vanquished.

Notes
Turn   | Place    | Note
-------+----------+-------------------------------------------
     0 | D:1      | qw the Deep Elf Hunter began the quest for the Orb.
     0 | D:1      | Reached XP level 1. HP: 12/12 MP: 3/3
     0 | D:1      | 0 ||| qw: Version: 0.3-a-155-g5e7d8dd
     0 | D:1      | 0 ||| qw: Game counter: 2395
     0 | D:1      | 0 ||| qw: Melee chars always use a shield: true
     0 | D:1      | 0 ||| qw: God list: Okawaru
     0 | D:1      | 0 ||| qw: Allow faded altars: false
     0 | D:1      | 0 ||| qw: Do Orc after clearing Dungeon:15 true
     0 | D:1      | 0 ||| qw: Do second Lair branch before Depths: true
     0 | D:1      | 0 ||| qw: Lair rune preference: random
     0 | D:1      | 0 ||| qw: Goals: Normal
     0 | D:1      | 0 ||| PLANNING D:1-11
   161 | D:1      | Reached XP level 2. HP: 16/16 MP: 4/4
   204 | D:1      | Reached skill level 6 in Ranged Weapons
   673 | D:1      | 673 ||| UPGRADING to +0 scale mail.
   683 | D:1      | 683 ||| DROPPING +0 leather armour.
   684 | D:1      | 684 ||| READING scroll labelled KERHE WAXTIMOU.
   685 | D:1      | 685 ||| READING scroll labelled KORHAN MEEQAIS.
   685 | D:1      | 685 ||| IDENTIFYING metallic emerald potion
   686 | D:1      | 686 ||| READING scroll labelled JEUTOB UNLEEG.
   691 | D:1      | 691 ||| READING scroll labelled ANOTHR SETTEUGE.
   692 | D:1      | 692 ||| READING scroll labelled HUHOSUD JAUCW.
   724 | D:1      | 724 ||| READING scroll labelled UDISEUPNY.
   725 | D:1      | 725 ||| READING scroll labelled KIAKODDEATA.
   726 | D:1      | 726 ||| DROPPING scroll of butterflies.
   738 | D:2      | 738 ||| STAIRDANCE
   748 | D:2      | Reached XP level 3. HP: 8/20 MP: 5/5
   856 | D:2      | Found a faded altar of an unknown god.
   940 | D:2      | HP: 5/20 [poisoned by an adder]
   941 | D:2      | HP: 2/20 [hobgoblin (1)]
   942 | D:2      | Slain by a hobgoblin

Levels and vault maps discovered:
D:1:      eino_arrival_cavern_c, layout_loops_ring,
          amcnicky_mini_corridor_feature
D:2:      layout_basic, dreamdust_ecumenical_altar_angels_and_demons,
          minmay_circle_x, uniq_terence

Skill      XL: |  1  2 |
---------------+-------+-----
Ranged Weapons | 6 |  6.8
Fighting       | |  1.5
Dodging        | |  2.4
Stealth        | |  1.2

Action                     || total
---------------------------++-------
   Fire: Shortbow          ||    70
    Use: Scroll            ||     7
 Armour: Leather armour    ||     5
         Scale mail        ||    31
  Dodge: Dodged            ||    20

Table legend:
 A = Non-vault XP
 B = Vault XP
 C = Vault XP percentage of total XP
 D = Non-vault monster count
 E = Vault monster count
 F = Vault count percentage of total count
                 A         B        C        D         E       F
            +---------+---------+-------+---------+---------+-------
      Total |      55 |       0 |   0.0 |      26 |       0 |   0.0
            +---------+---------+-------+---------+---------+-------
        D:1 |      36 |       0 |   0.0 |      21 |       0 |   0.0
        D:2 |      19 |       0 |   0.0 |       5 |       0 |   0.0
            +---------+---------+-------+---------+---------+-------
